 Dungeon Crawl Stone Soup version 0.31.0-11-ge490571c62 (webtiles) character file.

Game seed: 15513977460609839276

189 qw the Ducker (level 5, -1/26 HPs)
             Began as a Spriggan Hunter on Feb 3, 2024.
             Incinerated by a bombardier beetle (5 damage)
             ... with a burning spray
             ... on level 3 of the Dungeon.
             The game lasted 00:00:33 (1909 turns).

qw the Ducker (Spriggan Hunter)                     Turns: 1909, Time: 00:00:34

Health: -1/26      AC:  2    Str:  7    XL:     5   Next: 40%
Magic:  6/6        EV: 21    Int: 10    God:
Gold:   45         SH:  0    Dex: 21    Spells: 4/4 levels left

rFire   . . .        a - +1 shortbow
rCold   . . .        (shield currently unavailable)
rNeg    . . .        c - +0 robe
rPois   .            (helmet restricted)
rElec   .            (no cloak)
rCorr   .            (gloves unavailable)
SInv    +            (boots unavailable)
Will    .....        (no amulet)
Stlth   +            (no ring)
HPRegen 0.24/turn    (no ring)
MPRegen 0.10/turn

%: no passive effects
@: on fire, glowing, very quick
A: very small, no large weapons, unfitting armour, see invisible, speed 3
a: no special abilities


You were on level 3 of the Dungeon.
You visited 1 branch of the dungeon, and saw 3 of its levels.

You collected 71 gold pieces.
You spent 26 gold pieces at shops.


Innate Abilities, Weirdness & Mutations

You are very small and have problems with some larger weapons.
You are too small for most types of armour.
You have supernaturally acute eyesight. (SInv)
You cover ground extremely quickly. (Speed+++)


   Skills:
 - Level 2.0 Fighting
 + Level 5.4 Ranged Weapons
 - Level 5.4 Dodging
 - Level 1.5 Stealth


You had 4 spell levels left.
You didn't know any spells.
Your spell library was empty.

Inventory:

Hand Weapons
 a - a +1 shortbow (weapon)
Armour
 c - a +0 robe (worn)
Scrolls
 e - a scroll of teleportation
 f - a scroll of revelation {unknown}
Potions
 b - a potion of enlightenment {unknown}
 d - a potion of might

Dungeon Overview and Level Annotations

Branches:
Dungeon (3/15)

Altars:

Shops:
D:2 (*=[*   D:3 (


Message History

An adder comes into view.
You shoot an arrow. The arrow barely misses the adder.
You shoot an arrow. The arrow closely misses the adder.
You shoot an arrow. The arrow hits the adder.
The adder is moderately wounded.
You shoot an arrow. The arrow closely misses the adder.
You shoot an arrow. The arrow hits the adder.
The adder is severely wounded.
The adder misses you. The adder barely misses you.
You shoot an arrow. The arrow hits the adder!
You kill the adder!
A bombardier beetle comes into view.
You see here a scroll of teleportation.
You shoot an arrow. The arrow hits the bombardier beetle!
The bombardier beetle is moderately wounded.
You shoot an arrow. The arrow hits the bombardier beetle.
The bombardier beetle is severely wounded.
You shoot an arrow.
The arrow hits the bombardier beetle but does no damage.
The bombardier beetle is severely wounded.
The bombardier beetle sprays incendiary fluid at you.
The burning spray hits you.
You are covered in liquid fire!
You shoot an arrow. The arrow hits the bombardier beetle.
The bombardier beetle is almost dead.
The liquid fire burns you!
You shoot an arrow. The arrow hits the bombardier beetle.
You kill the bombardier beetle!
The liquid fire burns you!
You are on fire!
The liquid fire burns you!
You are on fire!
The liquid fire burns you!
You are on fire!
The liquid fire burns you!
You are on fire!
The liquid fire burns you!
You are on fire!
The liquid fire burns you!
You die...

##......~.#>.##..
....####........##...#..
................###..#..
................#####...
~..%.......~~...#.......
~..%.......~...........7
....................%...
.....~%%....#.....###...
....~.~@...##....##..#..
.######...###....#...#..
###.....#.##<.##..
#####.#..####.%. #.####
#.#. .# #.#. #.#. #.#.
#.#.


There were no monsters in sight!

Vanquished Creatures
  A bombardier beetle (D:3)
  2 orc wizards (D:3)
  5 adders
  A dart slug (D:1)
  An orc (D:3)
  5 ball pythons
  4 bats
  2 endoplasms (D:1)
  4 giant cockroaches
  9 goblins
  6 hobgoblins
  4 jackals
  2 quokkas (D:1)
  4 frilled lizards
  3 kobolds (D:1)
  7 rats
60 creatures vanquished.

Notes
Turn   | Place    | Note
-------+----------+-------------------------------------------
     0 | D:1      | qw the Spriggan Hunter began the quest for the Orb.
     0 | D:1      | Reached XP level 1. HP: 10/10 MP: 2/2
     0 | D:1      | 0 ||| qw: Version: 0.3-a-155-g5e7d8dd
     0 | D:1      | 0 ||| qw: Game counter: 3108
     0 | D:1      | 0 ||| qw: Melee chars always use a shield: true
     0 | D:1      | 0 ||| qw: God list: Okawaru
     0 | D:1      | 0 ||| qw: Allow faded altars: false
     0 | D:1      | 0 ||| qw: Do Orc after clearing Dungeon:15 true
     0 | D:1      | 0 ||| qw: Do second Lair branch before Depths: true
     0 | D:1      | 0 ||| qw: Lair rune preference: random
     0 | D:1      | 0 ||| qw: Goals: Normal
     0 | D:1      | 0 ||| PLANNING D:1-11
    55 | D:1      | Reached skill level 3 in Dodging
    97 | D:1      | Reached XP level 2. HP: 14/14 MP: 3/3
   406 | D:1      | Reached XP level 3. HP: 18/18 MP: 4/4
   729 | D:1      | 729 ||| READING scroll labelled CAIVVI AQOMICK.
   730 | D:1      | 730 ||| READING scroll labelled GYNGAD CEZXUWK.
   735 | D:1      | 735 ||| READING scroll labelled VEMAIV WEIDI.
   735 | D:1      | 735 ||| ENCHANTING +0 shortbow.
   736 | D:1      | 736 ||| DROPPING scroll of butterflies.
   762 | D:2      | Found Aqueps's General Store.
   771 | D:2      | 771 ||| BUYING scroll of identify (26 gold).
   771 | D:2      | Bought a scroll of identify for 26 gold pieces
   771 | D:2      | 771 ||| SHOPLISTING scroll of teleportation (39 gold, have
                  | 37).
   811 | D:2      | Found Anwij's Jewellery Shoppe.
   820 | D:2      | Found Nogijiem's Assorted Antiques.
   821 | D:2      | 821 ||| SHOPLISTING +4 ring of protection (468 gold, have
                  | 37).
   821 | D:2      | 821 ||| SHOPLISTING amulet of the acrobat (390 gold, have
                  | 37).
   821 | D:2      | 821 ||| SHOPLISTING ring of poison resistance (260 gold,
                  | have 37).
   821 | D:2      | 821 ||| SHOPLISTING ring of positive energy (260 gold, have
                  | 37).
   821 | D:2      | 821 ||| SHOPLISTING ring of resist corrosion (260 gold,
                  | have 37).
   821 | D:2      | 821 ||| SHOPLISTING ring of the Many Seas {rF- Will+ SInv
                  | Stlth+} (416 gold, have 37).
   821 | D:2      | 821 ||| SHOPLISTING ring of willpower (325 gold, have 37).
   927 | D:2      | Found Samarenow's Armour Shop.
  1249 | D:2      | Found a faded altar of an unknown god.
  1309 | D:2      | Reached XP level 4. HP: 22/22 MP: 5/5
  1502 | D:2      | Found Izemaown's Antique Weapon Shop.
  1600 | D:2      | 1600 ||| READING scroll of identify.
  1600 | D:2      | 1600 ||| IDENTIFYING bubbling purple potion
  1601 | D:2      | 1601 ||| READING scroll labelled RAPHESK NEDYD.
  1602 | D:2      | 1602 ||| READING scroll labelled HAUTRUR EBBIFU.
  1603 | D:2      | 1603 ||| READING scroll labelled LEMOSU MAMNI.
  1604 | D:2      | 1604 ||| DRINKING 2 brown potions.
  1674 | D:3      | 1674 ||| DRINKING potion of curing.
  1674 | D:3      | 1674 ||| (to cure confusion)
  1771 | D:3      | Found Oriegiru's Weapon Shoppe.
  1775 | D:3      | 1775 ||| SHOPLISTING +1 orcbow of flaming (186 gold, have
                  | 45).
  1892 | D:3      | Reached XP level 5. HP: 26/26 MP: 6/6
  1908 | D:3      | HP: 4/26 [burnt (4)]
  1909 | D:3      | Incinerated by a bombardier beetle

Levels and vault maps discovered:
D:1:      tarquinn_simple_flora_water_c, layout_loops_ring, chequers_avenue,
          minmay_ruptured
D:2:      layout_basic, basic_ecumenical_altar, serial_shops,
          nicolae_square_shop, shop, nicolae_shop_behind_doors,
          nicolae_shop_statue_plus, nicolae_shop_getting_attention
D:3:      layout_loops_ring, kennysheep_slug_shrine, serial_shops, shop,
          grunt_ministairs_6, kennysheep_decorative_pillar, minivault_23,
          minivault_24, grunt_decor_fettered, glass_columns_a

Skill      XL: |  1  2  3  4 |
---------------+-------------+-----
Dodging        | 3 4 5 |  5.4
Ranged Weapons | 5 |  5.4
Fighting       | 2 |  2.0
Stealth        | |  1.5

Action                     |  1- 3 |  4- 6 || total
---------------------------+-------+-------++-------
   Fire: Shortbow          |   102 |    56 ||   158
    Use: Scroll            |     3 |     4 ||     7
         Potion            |       |     2 ||     2
 Armour: Robe              |     9 |     6 ||    15
  Dodge: Dodged            |    35 |    15 ||    50

Table legend:
 A = Non-vault XP
 B = Vault XP
 C = Vault XP percentage of total XP
 D = Non-vault monster count
 E = Vault monster count
 F = Vault count percentage of total count
                 A         B        C        D         E       F
            +---------+---------+-------+---------+---------+-------
      Total |     248 |      23 |   8.5 |      54 |       6 |  10.0
            +---------+---------+-------+---------+---------+-------
        D:1 |      41 |       8 |  16.3 |      25 |       4 |  13.8
        D:2 |      51 |       0 |   0.0 |      16 |       0 |   0.0
        D:3 |     156 |      15 |   8.8 |      13 |       2 |  13.3
            +---------+---------+-------+---------+---------+-------
